 Dungeon Sprint DCSS version 0.30-a0-881-g1ff12e1e11 (webtiles) character file.

Game seed: 8960085874687253700

112 Hubris850 the Basher (level 4, 0/44 HPs)
             Began as an Ogre Reaver on Mar 14, 2023.
             Slain by a water elemental (8 damage)
             ... in the Dungeon (Sprint III: "The Ten Rune Challenge").
             The game lasted 00:03:52 (434 turns).

Hubris850 the Basher (Ogre Reaver)                   Turns: 434, Time: 00:03:53

Health: 0/44       AC:  4    Str: 16    XL:     4   Next: 93%
Magic:  4/8        EV: 10    Int: 16    God:
Gold:   13         SH:  0    Dex:  7    Spells: 5/8 levels left

rFire   + . .      SeeInvis .    a - +0 mace
rCold   + . .      Faith    .    (no shield)
rNeg    . . .      Spirit   .    g - +1 robe {rC+ rF+}
rPois   .          Reflect  .    (helmet restricted)
rElec   .          Rampage  .    (no cloak)
rCorr   .          NoTele   +    (gloves unavailable)
Will    .....                    (boots unavailable)
Stlth   +                        (no amulet)
HPRegen 0.27/turn                (no ring)
MPRegen 0.11/turn                (no ring)

@: engulfed (cannot breathe), immotile
A: large, unfitting armour, tough skin 1
a: no special abilities


You were in the Dungeon.
You visited 1 branch You collected 13 gold pieces.

Inventory:

Hand Weapons
 a - a +0 mace (weapon)
Armour
 b - a +0 robe
 g - a +1 robe of resistance (worn)
Scrolls
 h - a scroll of blinking
 i - 2 scrolls of torment {unknown}
 l - a scroll of poison {unknown}
 m - 2 scrolls of identify {unknown}
Potions
 c - a potion of curing
 d - a potion of heal wounds
 e - a potion of haste
 f - 2 potions of magic
 j - a potion of invisibility {unknown}
 k - 4 potions of mutation {unknown}
 n - 4 potions of flight
 o - a potion of ambrosia {unknown}


   Skills:
 - Level 2.6 Fighting
 - Level 8.1 Maces & Flails
 - Level 3.0 Dodging
 + Level 2.9 Spellcasting
 + Level 3.0 Conjurations
 + Level 1.0 Necromancy
 + Level 1.0 Translocations


You had 5 spell levels left.
You knew the following spells:

 Your Spells              Type           Power      Damage    Failure   Level
a - Kiss of Death         Conj/Necr      32%        2d7       9%          1
b - Momentum Strike       Conj/Tloc      16%        3d8       12%         2

Your spell library contained the following spells:

 Spells                   Type           Power      Damage    Failure   Level
 Hailstorm                Conj/Ice       7%         3d4       30%         3


Dungeon Overview and Level Annotations

Branches:
Dungeon (1/1)

Altars:


Innate Abilities, Weirdness & Mutations

You are too large for most types of armour.
You have tough skin. (AC +1)


Message History

Press: ? - help, Dir - move target, f - water elemental
Aim: a water elemental (81% to hit)
The concentrated momentum misses the water elemental.
Casting: Momentum Strike (safe; 12% risk of failure)
Confirm with . or Enter, or press ? or * to list all spells.
Aiming: Kiss of Death (safe; 9% risk of failure)
Press: ? - help, Shift-Dir - straight line, f - you, p - water elemental That would be overly suicidal.
Okay, then.
Casting: Kiss of Death (safe; 9% risk of failure)
Confirm with . or Enter, or press ? or * to list all spells.
Aiming: Kiss of Death (safe; 9% risk of failure)
Press: ? - help, Shift-Dir - straight line, f - you
Okay, then.
Unknown command.
Casting: Kiss of Death (safe; 9% risk of failure)
Confirm with . or Enter, or press ? or * to list all spells.
Aiming: Momentum Strike (safe; 12% risk of failure)
Press: ? - help, Dir - move target, f - water elemental
Aim: a water elemental (81% to hit)
The concentrated momentum hits the water elemental!
The water elemental is heavily damaged.
You are unable to move.
The water elemental hits you.
The water elemental engulfs you in water!
You cannot cast spells while unable to breathe!
You cannot move.
You hit the water elemental but do no damage.
The water elemental is heavily damaged.
Your lungs strain for air!
The water elemental hits you!
You hit the water elemental.
The water elemental is severely damaged.
Your lungs strain for air!
The water elemental hits you.
You hit the water elemental.
The water elemental is severely damaged.
* * * LOW HITPOINT WARNING * * *
Your lungs strain for air!
The water elemental hits you!
You die...

▓▓▓▓▓▓▓▓▓▓▓▓ ▓▓▓
<.#..'...♣.♣ ♣.#
..#..#....♣♣♣ ♣.#
#'####....♣.♣ ♣.#
.....#....~.♣♣♣♣.# #+#+#
.....#...~~.♣♣...#......
.....#..~~~~.♣♣♣@E.⌠....
####)#..~≈≈~~~♣..#...###
.....#.~~≈~~~....# ⌠.#
.....#.~≈~~~.....# .#
.....#.~~~.......# #
'#####...........#
.....†...........#
▓▓▓▓▓▓▓▓▓▓▓▓▓▓▓▓▓▓


You could see a water elemental.

Vanquished Creatures
  A scorpion (D)
  Jessica (D)
  A human (D)
  An endoplasm (D)
  2 rats (D)
6 creatures vanquished.

Notes
Turn   | Place    | Note
-------+----------+-------------------------------------------
     0 | D        | Hubris850 the Ogre Reaver began the quest for the Orb.
     0 | D        | Reached XP level 1. HP: 22/22 MP: 3/3
     7 | D        | Reached skill level 3 in Maces & Flails
    54 | D        | Noticed Jessica
    60 | D        | Killed Jessica
    61 | D        | Reached skill level 5 in Maces & Flails
    61 | D        | Reached XP level 2. HP: 24/29 MP: 5/5
    61 | D        | Reached XP level 3. HP: 30/36 MP: 6/6
   135 | D        | Noticed a scorpion
   149 | D        | Killed a scorpion
   150 | D        | Reached skill level 8 in Maces & Flails
   150 | D        | Reached XP level 4. HP: 20/44 MP: 3/7
   261 | D        | Learned a level 2 spell: Momentum Strike
   317 | D        | Reached skill level 1 in Necromancy
   317 | D        | Reached skill level 1 in Translocations
   429 | D        | Noticed a water elemental
   434 | D        | Slain by a water elemental

Illustrated notes

Levels and vault maps discovered:
D:        dungeon_sprint_mu [sprint_mu_entry_forest, sprint_mu_temple_rooms,
          sprint_mu_d1_spiders, sprint_mu_d2_genie, sprint_mu_d3_branching,
          sprint_mu_orc_legion, sprint_mu_elf_gauntlet, sprint_mu_hive_nellie,
          sprint_mu_lair_fedhas, sprint_mu_vaults_butterflies,
          sprint_mu_slime_circle, sprint_mu_shoals_kraken,
          sprint_mu_snake_twists, sprint_mu_blade_basic,
          sprint_mu_crypt_chambers, sprint_mu_tomb_spiral,
          sprint_mu_vestibule_basic, sprint_mu_gehenna_hellfire,
          sprint_mu_dis_giant, sprint_mu_tartarus_statrot,
          sprint_mu_cocytus_islands, sprint_mu_zot1]

Skill      XL: |  1  2  3  4 |
---------------+-------------+-----
Maces & Flails | 5 8 |  8.1
Dodging        | 3 |  3.0
Conjurations   | 3 |  3.0
Necromancy     | 1 |  1.0
Translocations | 1 |  1.0
Fighting       | |  2.6
Spellcasting   | |  2.9

Action                     |  1- 3 |  4- 6 || total
---------------------------+-------+-------++-------
  Melee: Mace              |    12 |    12 ||    24
         Punch             |       |     1 ||     1
   Cast: Kiss of Death     |     3 |     1 ||     4
         Momentum Strike   |       |     5 ||     5
    Use: Potion            |     1 |       ||     1
 Armour: Robe              |     4 |     2 ||     6
  Dodge: Dodged            |     3 |     4 ||     7

Table legend: (Time is in decaauts)
 A = Elapsed time spent in this place.
 B = Non-inter-level travel time spent in this place.
 C = Inter-level travel time spent in this place.
 D = Time resting spent in this place.
 E = Time spent auto-exploring this place.
 F = Levels seen in this place.
 G = Mean time per level.
                   A        B        C        D        E       F      G
               +--------+--------+--------+--------+--------+-----+--------+
         Total |    447 |    447 |      0 |    294 |      0 |   1 |  447.0 |
       Dungeon |    447 |    447 |      0 |    294 |      0 |   1 |  447.0 |
               +--------+--------+--------+--------+--------+-----+--------+

Top non-repeatable levels by time:
       D: 447 daAuts
